 Dungeon Crawl Stone Soup version 0.24-a0-769-g368c1644f8 (webtiles) character file.

Game seed: 9441451455125793133, levelgen mode: deterministic

72489 Flugkiller the Nimble (level 15, -4/108 HPs)
             Began as an Octopode Hunter on Oct 4, 2019.
             Was the Champion of Makhleb.
             Slain by a tengu reaver
             ... wielding a +3 battleaxe
              (9 damage)
             ... on level 15 of the Dungeon.
             The game lasted 00:58:49 (28359 turns).

Flugkiller the Nimble (Octopode Hunter)            Turns: 28359, Time: 00:58:50

Health: -4/108     AC:  3    Str: 13    XL:     15   Next: 40%
Magic:  33/33      EV: 31    Int: 22    God:    Makhleb [******]
Gold:   761        SH:  0    Dex: 25    Spells: 17/22 levels left

rFire    . . .     SeeInvis .   O - +9 hand axe "Xovvogom" {elec, rC+ Dex+5}
rCold    + + .     Gourm    .   (no shield)
rNeg     . . .     Faith    .   (helmet restricted)
rPois    .         Spirit   .   t - amulet of the acrobat
rElec    .         Reflect  .   q - +6 ring of dexterity
rCorr    +         Harm     .   n - ring of resist corrosion
MR       ++...                  (no ring)
Stlth    +++++.....             C - +5 ring of intelligence
HPRegen  0.28/turn              R - ring of magical power
MPRegen  0.23/turn              S - ring of protection from magic
                                W - ring of protection from cold
                                (no ring)

@: no status effects
A: almost no armour, stealthy swim, amphibious, 8 rings, constrict 8, repulsion
field 1, slimy green scales 1, camouflage 1, gelatinous body 1
a: Minor Destruction, Lesser Servant of Makhleb, Major Destruction, Greater
Servant of Makhleb, Renounce Religion


You were on level 15 of the Dungeon.
You worshipped Makhleb.
Makhleb was exalted by your worship.
You were not hungry.

You visited 2 branches of the dungeon, and saw 21 of its levels.
You visited 1 bazaar.
You also visited: Sewer.

You collected 2196 gold pieces.
You spent 1435 gold pieces at shops.

Inventory:

Hand Weapons
 a - a +1 shortbow
 b - the +11 war axe "Moqix" {flame, +Rage rF- MR+}
   (You found it on level 1 of the Lair of Beasts)

   It has been specially enchanted to burn those struck by it, causing extra
   injury to most foes and up to half again as much damage against particularly
   susceptible opponents.
   Big, fiery blades are also staple armaments of hydra-hunters.
   It makes you vulnerable to fire.
   It affects your resistance to hostile enchantments.
   It lets you go berserk.
 J - a +0 broad axe
   (You found it on level 8 of the Dungeon)
 K - a +1 short sword of speed
   (You took it off a kobold on level 2 of the Dungeon)
 O - the +9 hand axe "Xovvogom" (weapon) {elec, rC+ Dex+5}
   (You found it on level 14 of the Dungeon)

   Occasionally, upon striking a foe, it will discharge some electrical energy
   and cause terrible harm.
   It affects your dexterity (+5).
   It protects you from cold.
Missiles
 c - 425 arrows
 r - 6 throwing nets (quivered)
Jewellery
 j - an uncursed amulet of faith {unknown}
   (You found it on level 1 of the Dungeon)
 n - a ring of resist corrosion (right tentacle)
   (You found it on level 3 of the Dungeon)
 q - a +6 ring of dexterity (left tentacle)
   (You found it on level 1 of the Dungeon)
 t - an amulet of the acrobat (around mantle)
   (You found it on level 2 of the Dungeon)
 C - a +5 ring of intelligence (on tentacle)
   (You found it on level 5 of the Lair of Beasts)
 H - an uncursed ring of ice
   (You found it on level 1 of the Lair of Beasts)
 P - an uncursed amulet of the gourmand {unknown}
   (You found it on level 2 of the Lair of Beasts)
 R - a ring of magical power (on tentacle)
   (You found it on level 6 of the Lair of Beasts)
 S - a ring of protection from magic (on tentacle)
   (You found it on level 9 of the Dungeon)
 W - a ring of protection from cold (on tentacle)
   (You found it on level 15 of the Dungeon)
Wands
 g - a wand of paralysis (13)
   (You found it on level 2 of the Dungeon)
 o - a wand of acid (14)
   (You bought it in a shop on level 6 of the Dungeon)
 x - a wand of clouds (11)
   (You found it on level 1 of the Lair of Beasts)
 y - a wand of enslavement (9)
   (You found it on level 4 of the Dungeon)
 N - a wand of disintegration (15)
   (You found it on level 2 of the Lair of Beasts)
Scrolls
 e - 5 scrolls of teleportation
 h - 3 scrolls of enchant weapon
 k - 2 scrolls of magic mapping
 m - 8 scrolls of remove curse
 p - 2 scrolls of enchant armour
 w - 7 scrolls of immolation
 B - a scroll of blinking
 E - 2 scrolls of fear
 G - 2 scrolls of fog
 L - a scroll of identify
Potions
 f - 6 potions of flight
 i - 6 potions of curing
 l - 7 potions of agility
 s - 5 potions of lignification
 u - 5 potions of haste
 v - 3 potions of ambrosia
 z - 2 potions of brilliance
 A - 2 potions of berserk rage
 D - a potion of resistance
 I - 3 potions of might
 M - a potion of heal wounds
 T - a potion of cancellation
 U - 2 potions of invisibility
Miscellaneous
 Q - a phial of floods
   (You found it on level 5 of the Lair of Beasts)
Comestibles
 d - 32 rations
 F - 5 chunks of flesh


   Skills:
 + Level 11.9 Fighting
 - Level 6.0 Axes
 - Level 10.1 Bows
 + Level 14.6 Dodging
 - Level 5.2 Stealth
 - Level 4.0 Spellcasting
 - Level 2.0 Conjurations
 - Level 1.2 Hexes
 - Level 1.2 Translocations
 - Level 2.0 Fire Magic
 - Level 12.0 Invocations
 - Level 10.0 Evocations


You had 17 spell levels left.
You knew the following spells:

 Your Spells              Type           Power        Failure   Level  Hunger
a - Apportation           Tloc           #.....       7%          1    None
b - Confusing Touch       Hex            #.....       7%          1    None
c - Conjure Flame         Conj/Fire      ##......     14%         3    ###....

Your spell library contained the following spells:

 Spells                   Type           Power        Failure   Level  Hunger
 Magic Dart               Conj           ##..         4%          1    None
 Corona                   Hex            #......      7%          1    None
 Shock                    Conj/Air       #...         8%          1    None
 Animate Skeleton         Necr           N/A          11%         1    None
 Pain                     Necr           #...         11%         1    None
 Sandblast                Erth           #.....       11%         1    None
 Summon Small Mammal      Summ           #...         11%         1    None
 Blink                    Tloc           N/A          11%         2    #......
 Slow                     Hex            #.......     11%         2    #......
 Ensorcelled Hibernation  Hex/Ice        #.....       13%         2    #......
 Call Imp                 Summ           #.......     17%         2    #......
 Passwall                 Tmut/Erth      #.......     17%         2    #......
 Swiftness                Chrm/Air       #.......     17%         2    #......
 Dazzling Spray           Conj/Hex       ##....       17%         3    ###....
 Confuse                  Hex            #.......     21%         3    ###....
 Tukima's Dance           Hex            #.......     21%         3    ###....
 Static Discharge         Conj/Air       #.......     22%         3    ###....
 Stone Arrow              Conj/Erth      #.....       22%         3    ###....
 Mephitic Cloud           Conj/Pois/Air  #.......     26%         3    ###....
 Regeneration             Chrm/Necr      #.........   32%         3    ###....
 Vampiric Draining        Necr           #.........   32%         3    ###....
 Airstrike                Air            #.........   73%         4    ####...
 Animate Dead             Necr           N/A          73%         4    ####...
 Petrify                  Tmut/Erth      #.......     73%         4    ####...
 Lightning Bolt           Conj/Air       #.........   90%         5    ######.
 Lee's Rapid Deconstruct  Erth           #.........   97%         5    ######.


Dungeon Overview and Level Annotations

Branches:
Dungeon (15/15)            Temple (0/1) D:7            Lair (6/6) D:8
  Swamp (0/4) Lair:3       Spider (0/4) Lair:4        Slime (0/5) Lair:5
    Orc (0/2) D:10         Vaults (0/5) D:14          Sewer (visited)
 Depths: D:15

Altars:
Ashenzari
Dithmenos
Elyvilon
Fedhas
Kikubaaqudgha
Makhleb
Nemelex Xobeh
Okawaru
Ru
Sif Muna
Trog
Uskayaw
Wu Jian
Xom
Yredelemnul

Shops:
D:5 *   D:6 }   D:9 *   D:15 (

Annotations:
D:2 exclusion: phantom
D:6 1 runed translucent door, Aaksess's ghost, novice CeHu
D:12 3 runed translucent doors


Innate Abilities, Weirdness & Mutations

You cannot wear most types of armour.
You are very stealthy in the water. (Stealth+)
You are amphibious.
You can wear up to eight rings at the same time.
You can use your tentacles to constrict eight enemies at once.
Your skin changes colour to match your surroundings (Stealth+).
Your rubbery body absorbs attacks. (AC +1, EV +1)
You are surrounded by a mild repulsion field. (EV +2)
You are partially covered in slimy green scales. (AC +2)


Message History

You slash the cyclops!
The tengu reaver hits you with a +3 battleaxe!!
The tengu reaver barely misses you. The tengu reaver completely misses you.
You hit the tengu reaver but do no damage.
Lightning courses through the tengu reaver!
You grab the tengu reaver.
You squeeze the tengu reaver, but do no damage.
The tengu reaver is heavily wounded.
You slash the cyclops!
You constrict the tengu reaver, but do no damage.
The cyclops completely misses you. The tengu reaver completely misses you.
The tengu reaver pecks you.
* * * LOW HITPOINT WARNING * * *
The tengu reaver closely misses you.
You release your grip on the tengu reaver.
Unknown command.
You hit the tengu reaver. You grab the tengu reaver.
You squeeze the tengu reaver.
The tengu reaver is heavily wounded.
You constrict the tengu reaver, but do no damage.
The tengu reaver hits you with a +3 battleaxe!
* * * LOW HITPOINT WARNING * * *
The tengu reaver pecks you but does no damage.
The tengu reaver misses you.
You hit the tengu reaver but do no damage.
Lightning courses through the tengu reaver!
You squeeze the tengu reaver.
The tengu reaver is severely wounded.
You constrict the tengu reaver, but do no damage.
Unknown command.
You hit the tengu reaver but do no damage.
Your squeeze misses the tengu reaver.
The tengu reaver is severely wounded.
You constrict the tengu reaver.
The tengu reaver completely misses you. x2
The tengu reaver misses you.
Unknown command.
You hit the tengu reaver.
The tengu reaver is severely wounded.
You constrict the tengu reaver.
The tengu reaver hits you with a +3 battleaxe!!
* * * LOW HITPOINT WARNING * * *
The tengu reaver completely misses you. The tengu reaver claws you.
* * * LOW HITPOINT WARNING * * *
You hit the tengu reaver.
The tengu reaver is severely wounded.
You constrict the tengu reaver.
The tengu reaver hits you with a +3 battleaxe!
* * * LOW HITPOINT WARNING * * *
The tengu reaver pecks you!
You die...

#....#.......
######.<.'.......
#∩(###÷.##.....#.
######...(##+#.....#..
##!!$##..÷.'...........
#.....#...##.....#.....
#.....###'#.....#.....# .
#...##........#.≈≈...#
....#+#'#@.......#.≈≈≈..##
........Q..........≈≈≈.##
......#................#
...............#.....###
..##...#......#......# .
..................
..##...#....^..## ..
............+ .##..
#......


You could see a tengu reaver.

Vanquished Creatures
  Jorgrun (D:12)
  Azrael (D:12)
  7 hydras
  2 vault guards (D:14)
  4 catoblepae
  3 centaur warriors
  5 two-headed ogres
  11 death yaks
  Urug (Lair:5)
  Sonja (D:12)
  2 unseen horrors
  2 deep elf magi
  8 ugly things
  8 oklob plants
  3 manticores
  A cyclops (D:14)
  A centaur zombie (D:12)
  A guardian serpent (D:14)
  2 black mambas
  A gargoyle (D:13)
  13 spiny frogs
  5 komodo dragons
  7 trolls
  A hornet (D:9)
  A polar bear (Lair:4)
  2 bog bodies (Lair:3)
  2 dream sheep (D:10)
  16 blink frogs
  A meliai zombie (D:14)
  10 hippogriffs
  A centaur simulacrum (D:15)
  A shadow (D:14)
  2 wyverns
  A vampire (D:9)
  3 fire elementals (D:12)
  33 yaks
  5 wraiths
  A steam dragon (D:13)
  3 basilisks
  8 humans (D:14)
  3 hungry ghosts
  An acid dragon (D:12)
  A soldier ant (D:12)
  A warg (D:10)
  9 water moccasins
  3 hell hounds (D:12)
  7 porcupines
  A swamp drake (shapeshifter) (D:15)
  5 orc warriors
  2 ice beasts
  3 sky beasts
  9 ogres
  4 phantoms
  4 boggarts (D:15)
  13 crocodiles
  14 wolves
  11 centaurs
  9 big kobolds
  20 bullfrogs
  An elf skeleton (D:11)
  A wyvern skeleton (D:13)
  4 scorpions
  2 troll zombies (D:11)
  7 killer bees
  6 wights
  An electric eel (Lair:6)
  8 howler monkeys
  7 crimson imps
  5 bullfrog zombies
  4 human zombies (D:11)
  15 orc wizards
  6 hounds
  A quasit (D:12)
  4 bullfrog skeletons
  13 orc priests
  2 centaur skeletons
  A jelly (D:9)
  A human skeleton (D:11)
  Jessica (D:2)
  4 iguanas
  5 worker ants
  A killer bee zombie (D:9)
  A hound zombie (D:8)
  A hound skeleton (D:6)
  2 mummies (D:11)
  Robin (D:2)
  A worker ant zombie (D:5)
  8 gnolls
  13 adders
  A howler monkey skeleton (D:6)
  5 shadow imps
  17 oozes
  4 adder skeletons
  An adder zombie (D:7)
  3 worms
  5 dart slugs
  16 leopard geckos
  70 orcs
  7 bats
  15 giant cockroaches
  17 goblins
  23 hobgoblins
  10 jackals
  3 quokkas (D:5)
  14 ball pythons
  15 frilled lizards
  A jackal skeleton (D:8)
  37 kobolds
  An orc zombie (D:11)
  A quokka skeleton (D:6)
  4 rats
  3 butterflies (Lair:6)
  A fungus (Lair:4)
  7 plants
709 creatures vanquished.

Vanquished Creatures (collateral kills)
  A vault guard (D:14)
  A centaur warrior (D:13)
  A death yak (Lair:5)
  A manticore (Lair:6)
  A centaur skeleton (D:13)
  2 komodo dragons
  A yak (D:13)
  A human (D:14)
  A centaur (D:13)
  An orc (D:13)
11 creatures vanquished.

Vanquished Creatures (others)
  A hydra (D:13)
  A human (D:14)
  A kobold (D:12)
  17 fungi
  5 plants
25 creatures vanquished.

Grand Total: 745 creatures vanquished

Notes
Turn   | Place    | Note
-------+----------+-------------------------------------------
     0 | D:1      | Flugkiller the Octopode Hunter began the quest for the Orb.
     0 | D:1      | Reached XP level 1. HP: 14/14 MP: 1/1
   141 | D:1      | Reached XP level 2. HP: 18/20 MP: 2/2
   221 | D:1      | You fall into a shaft and drop 1 floor!
   609 | D:1      | Reached XP level 3. HP: 20/26 MP: 3/3
  1194 | D:1      | Gained mutation: You are surrounded by a mild repulsion
                  | field. (EV +2) [potion of mutation]
  1194 | D:1      | Gained mutation: You are partially covered in slimy green
                  | scales. (AC +2) [potion of mutation]
  1468 | D:2      | Reached XP level 4. HP: 31/31 MP: 4/4
  1568 | D:2      | Noticed Jessica
  1644 | D:2      | Noticed Robin
  1681 | D:2      | Killed Robin
  1681 | D:2      | Reached skill level 5 in Stealth
  1904 | D:2      | Killed Jessica
  1904 | D:2      | Reached XP level 5. HP: 31/36 MP: 5/5
  1949 | D:2      | Noticed a phantom
  2286 | D:3      | Reached skill level 1 in Evocations
  2290 | D:3      | Found a burning altar of Makhleb.
  2340 | D:3      | Became a worshipper of Makhleb the Destroyer
  2411 | D:3      | Found a basalt altar of Yredelemnul.
  2457 | D:3      | Found a white marble altar of Elyvilon.
  2714 | D:3      | Reached XP level 6. HP: 34/43 MP: 5/7
  3085 | D:4      | Found an ornate altar of the Wu Jian Council.
  3125 | D:4      | Reached skill level 3 in Dodging
  3223 | D:4      | Found a glowing drain.
  3234 | Sewer    | Entered a sewer
  3292 | Sewer    | Reached * piety under Makhleb
  3598 | Sewer    | Reached XP level 7. HP: 45/48 MP: 8/8
  3601 | Sewer    | Reached ** piety under Makhleb
  3686 | Sewer    | Reached skill level 5 in Bows
  4273 | D:5      | Entered Level 5 of the Dungeon
  4280 | D:4      | Reached skill level 4 in Dodging
  4439 | D:4      | Reached skill level 5 in Fighting
  4483 | D:4      | Reached XP level 8. HP: 31/55 MP: 10/10
  4486 | D:4      | Reached *** piety under Makhleb
  4546 | D:5      | Found Fawk's Fabulous Fripperies.
  4773 | D:5      | Found a blossoming altar of Fedhas.
  4775 | D:5      | Found a hide-covered altar of Uskayaw.
  4864 | D:5      | Reached skill level 1 in Invocations
  4965 | D:5      | Found an iron altar of Okawaru.
  5091 | D:5      | Reached skill level 5 in Dodging
  5340 | D:6      | Found Efrohi's Gadget Shop.
  5347 | D:6      | Bought a wand of acid (12) for 384 gold pieces
  5390 | D:6      | Reached skill level 5 in Evocations
  5695 | D:6      | Found a shimmering blue altar of Sif Muna.
  5718 | D:6      | Found a hide-covered altar of Uskayaw.
  5777 | D:6      | Found a runed translucent door.
  5777 | D:6      | Noticed Aaksess's ghost (novice CeHu)
  5778 | D:6      | Found a shadowy altar of Dithmenos.
  5827 | D:6      | Reached skill level 5 in Invocations
  5985 | D:6      | Reached **** piety under Makhleb
  5985 | D:6      | Reached XP level 9. HP: 41/61 MP: 13/13
  6685 | D:7      | Reached skill level 6 in Dodging
  6852 | D:7      | Found a staircase to the Ecumenical Temple.
  7073 | D:7      | Found a sacrificial altar of Ru.
  7154 | D:7      | Reached skill level 7 in Dodging
  7427 | D:7      | Reached skill level 8 in Dodging
  7537 | D:8      | Found a staircase to the Lair.
  7833 | D:8      | Found a white marble altar of Elyvilon.
  7989 | D:8      | Found a shimmering altar of Xom.
  8321 | Lair:1   | Entered Level 1 of the Lair of Beasts
  8343 | Lair:1   | Noticed a komodo dragon
  8406 | Lair:1   | Reached skill level 9 in Dodging
  8406 | Lair:1   | Reached XP level 10. HP: 42/68 MP: 14/14
  8791 | Lair:1   | Noticed a spiny frog
  8822 | Lair:1   | Killed a spiny frog
  9715 | Lair:1   | Noticed a spiny frog
  9725 | Lair:1   | Killed a spiny frog
 10246 | Lair:1   | Noticed an oklob plant
 10246 | Lair:1   | Noticed an oklob plant
 10246 | Lair:1   | Noticed an oklob plant
 10246 | Lair:1   | Noticed an oklob plant
 10417 | Lair:1   | Reached skill level 10 in Bows
 10923 | Lair:1   | Killed an oklob plant
 11051 | Lair:1   | Killed an oklob plant
 11051 | Lair:1   | Reached XP level 11. HP: 65/74 MP: 15/15
 11084 | Lair:1   | Killed an oklob plant
 11313 | Lair:1   | Killed an oklob plant
 11333 | Lair:1   | Got a smoking war axe
 11350 | Lair:1   | Identified the +11 war axe "Moqix" {flame, +Rage rF- MR+}
                  | (You found it on level 1 of the Lair of Beasts)
 11515 | Lair:2   | Noticed a four-headed hydra
 11526 | Lair:2   | Killed a one-headed hydra
 11526 | Lair:2   | Reached skill level 10 in Dodging
 11890 | Lair:2   | You fall into a shaft and drop 1 floor!
 12506 | Lair:3   | Reached skill level 11 in Dodging
 12518 | Lair:3   | Reached skill level 1 in Axes
 12683 | Lair:3   | Reached ***** piety under Makhleb
 12721 | Lair:3   | Found a staircase to the Swamp.
 12902 | Lair:3   | Noticed a six-headed hydra
 13445 | Lair:3   | Noticed an oklob plant
 13503 | Lair:3   | Killed an oklob plant
 13595 | Lair:3   | Noticed an oklob plant
 13595 | Lair:3   | Noticed an oklob plant
 13598 | Lair:3   | Noticed an oklob plant
 13722 | Lair:3   | Learned a level 1 spell: Apportation
 13724 | Lair:3   | Learned a level 1 spell: Confusing Touch
 13868 | Lair:3   | Killed an oklob plant
 13868 | Lair:3   | Reached XP level 12. HP: 82/82 MP: 15/17
 14158 | Lair:3   | Reached skill level 1 in Spellcasting
 14158 | Lair:3   | Reached skill level 1 in Hexes
 14158 | Lair:3   | Reached skill level 1 in Translocations
 14362 | Lair:4   | Found a hole to the Spider Nest.
 15013 | Lair:4   | Learned a level 3 spell: Conjure Flame
 15350 | Lair:5   | Reached skill level 1 in Conjurations
 15350 | Lair:5   | Reached skill level 1 in Fire Magic
 15367 | Lair:5   | Reached skill level 5 in Axes
 15907 | Lair:5   | Noticed Urug
 16538 | Lair:5   | Killed Urug
 16698 | Lair:5   | Found a staircase to the Slime Pits.
 16732 | Lair:5   | Reached XP level 13. HP: 64/90 MP: 19/19
 16977 | Lair:6   | Entered Level 6 of the Lair of Beasts
 17310 | Lair:5   | Reached skill level 10 in Fighting
 20395 | Lair:6   | Reached skill level 12 in Dodging
 21126 | D:9      | Reached XP level 14. HP: 101/101 MP: 20/20
 21167 | D:9      | Found Qanimag's General Store.
 21441 | D:9      | Reached skill level 13 in Dodging
 21531 | D:9      | Found a shattered altar of Ashenzari.
 21824 | D:10     | Entered Level 10 of the Dungeon
 22424 | D:10     | Got a twitching tin amulet
 22429 | D:10     | Identified the amulet "Hahazo" {Reflect Fragile MR- Str+2
                  | Int+5 SH+3} (You found it on level 10 of the Dungeon)
 22673 | D:10     | Found a staircase to the Orcish Mines.
 23244 | D:10     | Reached ****** piety under Makhleb
 23629 | D:11     | Found an ancient bone altar of Kikubaaqudgha.
 23711 | D:11     | Reached skill level 14 in Dodging
 23940 | D:12     | Noticed Azrael
 24001 | D:12     | HP: 1/101 [Azrael/damnation (48)]
 24017 | D:12     | Noticed Jorgrun
 24017 | D:12     | Killed Azrael
 24067 | D:12     | Killed Jorgrun
 24112 | D:12     | Reached skill level 10 in Invocations
 24133 | D:12     | Noticed Sonja
 24146 | D:12     | Found a gate leading to a gauntlet.
 24150 | D:12     | Found a sparkling altar of Nemelex Xobeh.
 24329 | D:12     | Found a runed translucent door.
 24345 | D:12     | Found a runed translucent door.
 24443 | D:12     | Killed Sonja
 24880 | D:12     | Found a runed translucent door.
 24973 | D:13     | Found a flickering gateway to a bazaar.
 24996 | Bazaar   | Entered a bazaar
 24996 | Bazaar   | Found Muhy's Antique Armour Shop.
 25356 | Bazaar   | Found Usekhus's Distillery.
 25383 | Bazaar   | Found Osesahucw's Antique Weapon Shop.
 25391 | Bazaar   | Bought a runed executioner's axe for 351 gold pieces
 25413 | Bazaar   | Bought a potion of heal wounds for 70 gold pieces
 25413 | Bazaar   | Bought a potion of cancellation for 112 gold pieces
 25413 | Bazaar   | Bought a potion of agility for 56 gold pieces
 25413 | Bazaar   | Bought a potion of agility for 56 gold pieces
 25413 | Bazaar   | Bought a potion of agility for 56 gold pieces
 25413 | Bazaar   | Bought a potion of agility for 56 gold pieces
 25413 | Bazaar   | Bought a potion of invisibility for 112 gold pieces
 25413 | Bazaar   | Bought a potion of might for 56 gold pieces
 25413 | Bazaar   | Bought a potion of curing for 42 gold pieces
 25413 | Bazaar   | Bought 2 potions of curing for 84 gold pieces
 25462 | D:13     | Reached skill level 10 in Evocations
 26253 | D:13     | Reached XP level 15. HP: 106/106 MP: 23/23
 26571 | D:14     | Found a bloodstained altar of Trog.
 27698 | D:14     | Got a shimmering hand axe
 27721 | D:14     | Identified the +9 hand axe "Xovvogom" {elec, rC+ Dex+5}
                  | (You found it on level 14 of the Dungeon)
 27937 | D:14     | Found a gate to the Vaults.
 28092 | D:15     | Entered Level 15 of the Dungeon
 28316 | D:15     | Found Gerphos's Weapon Boutique.
 28340 | D:15     | Noticed a tengu reaver
 28359 | D:15     | HP: 5/108 [tengu reaver/+3 battleaxe (10)]
 28359 | D:15     | Slain by a tengu reaver

Levels and vault maps discovered:
D:1:      minmay_arrival_four_houses, layout_loops_cross, feat_on_display
D:2:      cheibrodos_greedy_goblins, layout_loops_cross, uniq_robin,
          uniq_jessica
D:3:      layout_loops_ring, elyvilon_altar_5, lemuel_doored_altar,
          marbit_many_paths
D:4:      layout_rooms, nicolae_overflow_crystal_walls, first_ration,
          portal_sewer_entry_d, kennysheep_pointless_box,
          chequers_serial_rivers_small_a, serial_bayou_lagoon_b
D:5:      layout_basic, fedhas_altar_1, nicolae_overflow_hidden_temple,
          lemuel_crystal_altar, nicolae_alphabet_shops
D:6:      layout_basic, lemuel_blue_sif_altar, nicolae_dithmenos_the_darkroom,
          serial_shops, shop, basic_altar, gammafunk_ghost_grave,
          hangedman_decor_clover_reticule
D:7:      layout_loops_cross, hangedman_ru_absence, minmay_temple_entry_waves
D:8:      layout_loops_corners, lemuel_coloured_pillars_altar, lair_entry_dummy,
          basic_altar
D:9:      layout_roguey, ashenzari_altar_1, serial_rivers,
          chequers_serial_rivers_large_a, chequers_serial_rivers_micro_e,
          chequers_serial_rivers_micro_d, chequers_serial_rivers_small_a,
          chequers_serial_rivers_marsh, chequers_serial_rivers_micro_d,
          serial_shops, shop
D:10:     layout_long_grid, erik_orc_4, hangedman_ranch [blue_anna_fruit_fields]
D:11:     layout_cross, lemuel_mausoleum_altar_kikubaaqudgha
D:12:     layout_long_grid, basic_altar, gauntlet_entry_generic,
          mikee_hates_you, uniq_jorgrun, uniq_azrael, uniq_sonja
D:13:     layout_long_grid, serial_shops, bzr_entry_customers
D:14:     layout_irregular_city, ximxim_vaults_locker_room, basic_altar,
          skrybe_limestone_x
D:15:     hangedman_spin_cycle, uniq_louise
Lair:1:   layout_loops_ring, minmay_lair_oklob_chamber
Lair:2:   layout_roguey, minivault_27, chequers_serial_rivers_micro_e,
          serial_bayou_shore_b
Lair:3:   minmay_lair_oklob_tunnel, layout_loops_ring, skrybe_swamp_entry_bodies
Lair:4:   layout_gridlike, dummy_spider_entry, grunt_megastairs_3
Lair:5:   layout_hall_layers, dpeg_slime_entry_corner, uniq_urug
Lair:6:   evilmike_catoblepas_cave, layout_hall_layers, lemuel_fruit_fields,
          serial_bayou_shore_a, infiniplex_staircase_pool, lemuel_fruit_fields

Skill      XL: |  1  2  3  4  5  6  7  8  9 10 11 12 13 14 15 |
---------------+----------------------------------------------+-----
Fighting       | 3 4 5 6 8 9 11 | 11.9
Stealth        | 2 4 5 |  5.2
Evocations     | 1 2 3 5 8 10 | 10.0
Dodging        | 3 4 5 9 11 12 14 | 14.6
Bows           | 5 6 10 | 10.1
Invocations    | 5 6 9 11 12 | 12.0
Axes           | 4 6 |  6.0
Spellcasting   | 4 |  4.0
Hexes          | 1 |  1.2
Translocations | 1 |  1.2
Conjurations   | 2 |  2.0
Fire Magic     | 2 |  2.0

Action                   |  1- 3 |  4- 6 |  7- 9 | 10-12 | 13-15 || total
-------------------------+-------+-------+-------+-------+-------++-------
Melee: Short sword       |    67 |   235 |   427 |   120 |    31 ||   880
       Constrict         |    16 |    53 |   108 |    57 |    92 ||   326
       Tentacles         |    15 |    45 |   135 |   112 |   208 ||   515
       War axe           |       |       |       |   270 |   684 ||   954
       Hand axe          |       |       |       |       |    64 ||    64
 Fire: Shortbow          |       |     6 |   131 |   201 |    42 ||   380
 Cast: Confusing Touch   |       |       |       |     1 |       ||     1
       Conjure Flame     |       |       |       |       |     3 ||     3
Invok: Minor Destruction |       |       |     7 |    17 |    15 ||    39
       Lesser Servant of |       |       |       |     5 |     6 ||    11
Evoke: Wand              |       |       |     1 |     5 |    15 ||    21
       Phial of floods   |       |       |       |       |     2 ||     2
  Use: Scroll            |     5 |     5 |     8 |     6 |    13 ||    37
       Potion            |     1 |       |       |     2 |     5 ||     8
 Stab: Sleeping          |    12 |    19 |    11 |    16 |    39 ||    97
       Distracted        |       |     2 |     1 |     1 |     1 ||     5
       Paralysed         |       |       |     1 |     4 |    22 ||    27
       Confused          |       |       |       |     1 |       ||     1
  Eat: Chunk             |     2 |     7 |    17 |    17 |    28 ||    71
       Ration            |       |       |       |     3 |     3 ||     6
Armor: Skin              |     7 |    18 |    39 |    16 |    31 ||   111
Dodge: Dodged            |    31 |   124 |   407 |   512 |  1127 ||  2201

Table legend:
 A = Non-vault XP
 B = Vault XP
 C = Vault XP percentage of total XP
 D = Non-vault monster count
 E = Vault monster count
 F = Vault count percentage of total count
                 A         B        C        D         E       F
            +---------+---------+-------+---------+---------+-------
      Total |   69927 |   33629 |  32.5 |     516 |     193 |  27.2
            +---------+---------+-------+---------+---------+-------
        D:1 |      54 |       0 |   0.0 |      22 |       0 |   0.0
        D:2 |      56 |     100 |  64.1 |      22 |      26 |  54.2
        D:3 |      84 |      85 |  50.3 |      15 |       1 |   6.2
        D:4 |     377 |      14 |   3.6 |      33 |       1 |   2.9
        D:5 |     458 |       0 |   0.0 |      25 |       0 |   0.0
        D:6 |    1078 |       0 |   0.0 |      33 |       0 |   0.0
        D:7 |    1115 |       0 |   0.0 |      25 |       0 |   0.0
        D:8 |     635 |       0 |   0.0 |      20 |       0 |   0.0
        D:9 |    3122 |       0 |   0.0 |      31 |       0 |   0.0
       D:10 |    2701 |    2679 |  49.8 |      29 |      22 |  43.1
       D:11 |    4124 |     518 |  11.2 |      23 |      12 |  34.3
       D:12 |    4468 |    6077 |  57.6 |      50 |       9 |  15.3
       D:13 |    9370 |       3 |   0.0 |      35 |       1 |   2.8
       D:14 |   10142 |    4958 |  32.8 |      27 |      13 |  32.5
       D:15 |       0 |    1237 | 100.0 |       0 |      10 | 100.0
     Lair:1 |    4058 |    2296 |  36.1 |      23 |       5 |  17.9
     Lair:2 |    3877 |       0 |   0.0 |      17 |       0 |   0.0
     Lair:3 |    3131 |    2710 |  46.4 |      11 |       6 |  35.3
     Lair:4 |    5154 |     864 |  14.4 |      24 |       4 |  14.3
     Lair:5 |    8736 |    1496 |  14.6 |      32 |       2 |   5.9
     Lair:6 |    7187 |   10213 |  58.7 |      19 |      22 |  53.7
      Sewer |       0 |     379 | 100.0 |       0 |      59 | 100.0
            +---------+---------+-------+---------+---------+-------
